Map: Cerulean Fall LE

Players

CalebAracous

  • Race: Zerg Zerg
  • League: Grandmaster
  • Spawn Location: 7:00

starkiller - Winner!

  • Race: Zerg Zerg
  • League: Grandmaster
  • Spawn Location: 1:00

Event: Cheeseadelphia 8

VOD

Have the link to the VOD?

Description

Time

  • Played on: Dec. 8, 2018, 4:02 p.m.
  • Length: 4:37

All games in this series

Show
View Real Time Build Order
Export as new Build Order

CalebAracous Zerg 

Build Orders: Pool First 

Get SALT Encoding   

  12  0:00  Drone  
  13  0:12  Overlord  
  13  0:18  Drone  
  14  0:31  Drone x2  
  16  0:40  Spawning Pool  
  15  0:45  Drone  
  16  0:50  Drone  
  16  0:51  Extractor  
  16  0:58  Drone  
  17  1:16  Hatchery  
  16  1:28  Zergling x6  
  19  1:33  Evolution Chamber  
  18  1:42  Drone  
  19  1:56  Queen  
  19  1:59  Zerg Melee Weapons Level 1  
  21  2:06  Overlord  
  21  2:11  Drone  
  22  2:29  Metabolic Boost  
  22  2:31  Drone x3  
  25  2:42  Queen  
  27  2:52  Drone  
  27  2:53  Overlord  
  28  2:59  Zergling x6  
  28  3:02  Zergling x2  
  32  3:14  Zergling x6  
  35  3:22  Zergling x8  
  39  3:34  Overlord  
  39  3:40  Zergling x2  
  40  3:47  Zergling x2  
  40  3:48  Zergling x6  
  44  3:52  Overlord x2  
  44  3:55  Zergling x4  
  44  4:03  Zergling x4  
  44  4:08  Zergling x2  
  45  4:12  Zergling x2  
  45  4:16  Zergling x6  
  45  4:19  Zergling x2  
Show
View Real Time Build Order
Export as new Build Order

starkiller Zerg - Winner!

Build Orders: Hatch First 

Get SALT Encoding   

  12  0:00  Drone  
  13  0:08  Drone  
  14  0:14  Extractor  
  14  0:15  Drone  
  15  0:22  Overlord  
  15  0:41  Drone x2  
  17  0:53  Hatchery  
  17  0:55  Drone  
  17  1:00  Drone  
  18  1:10  Extractor  
  17  1:14  Spawning Pool  
  16  1:19  Drone  
  16  1:21  Drone  
  18  1:27  Drone  
  19  1:38  Overlord  
  19  1:48  Drone  
  20  1:59  Drone  
  21  2:02  Queen  
  21  2:04  Queen  
  21  2:05  Zergling x2  
  26  2:12  Zergling x2  
  27  2:16  Zergling x2  
  27  2:20  Drone  
  29  2:30  Drone  
  30  2:42  Drone x3  
  33  2:44  Queen  
  33  2:49  Drone  
  36  2:58  Evolution Chamber  
  35  2:59  Roach Warren  
  35  3:01  Drone  
  35  3:02  Drone  
  36  3:09  Overlord  
  36  3:17  Overlord  
  36  3:28  Drone x3  
  36  3:29  Drone  
  36  3:33  Drone x2  
  42  3:37  Drone  
  43  3:44  Roach, Evolution Chamber  
  43  3:45  Roach  
  43  3:46  Roach  
  43  3:47  Roach  
  49  3:50  Roach  
  49  3:53  Roach  
  51  4:03  Evolution Chamber  
  51  4:06  Evolution Chamber  
  49  4:12  Drone x3  
Tags
 
Add a new tag
Caveats
  • Supply blocks, unpowered buildings, or Contaminate may cause inaccurate times.
  • Supply counts are checked every 10 seconds.